General information
- name: 4v4 RT! Northshire #19799
- type: Single player/Local game
- host: 4v4[RT]
- saver: OWL.BOWL.
map: Northshire
- players: 8
- length: 16:35
- speed: Fast
- version: 1.28 W3XP
- replay type: Public
» download(227 KB)
Players
team 1 (loser)

»
MaRio.SoNiC (
orange | 146 APM | 2423 actions | 16:35)
3 Blademaster
1 Wind Walk
2 Critical Strike
1 Shadow Hunter
1 Healing Wave
1 Tauren Chieftain
1 Endurance Aura
» actions
| Assign group hotkey | 9 | |
| Basic commands | 368 | |
| Build / train | 68 | |
| Enter build submenu | 27 | |
| Enter hero's abilities submenu | 5 | |
| Give item / drop item | 5 | |
| Right click | 390 | |
| Select / deselect | 419 | |
| Select group hotkey | 1089 | |
| Use ability | 43 | |
2423 total
» units
| Peon | 34 | |
| Grunt | 3 | |
| Shaman | 4 | |
| Tauren | 1 | |
42 total
» upgrades
| Melee Weapons | 2 | |
| Shaman Training | 2 | |
| Spiked Barricades | 1 | |
| Armor | 2 | |
| Pulverize | 1 | |
8 total
» buildings
| Altar of Storms | 1 | |
| Orc Burrow | 5 | |
| Barracks | 1 | |
| Voodoo Lounge | 1 | |
| Stronghold | 1 | |
| War Mill | 1 | |
| Great Hall | 1 | |
| Fortress | 1 | |
| Spirit Lodge | 1 | |
| Watch Tower | 7 | |
| Tauren Totem | 1 | |
21 total
» build order
00:22 Altar of Storms
00:37 Orc Burrow
01:07 Barracks
01:20 Voodoo Lounge
01:52 Orc Burrow
03:35 Stronghold
03:39 War Mill
03:59 Orc Burrow
05:53 Great Hall
06:16 Fortress
06:37 Spirit Lodge
08:34 Watch Tower
09:14 Watch Tower
09:18 Watch Tower
10:54 Tauren Totem
11:28 Watch Tower
11:59 Watch Tower
12:58 Watch Tower
14:03 Watch Tower
15:26 Orc Burrow
15:28 Orc Burrow
» items
| Healing Salve | 2 | |
| Lesser Clarity Potion | 1 | |
| Boots of Speed | 1 | |
| Scroll of Protection | 1 | |
5 total

»
neednewcomp (
green | 67 APM | 1113 actions | 16:32)
3 Death Knight
2 Death Coil
1 Unholy Aura
2 Lich
1 Frost Nova
1 Frost Armor
» actions
| Assign group hotkey | 26 | |
| Basic commands | 118 | |
| Build / train | 58 | |
| ESC pressed | 2 | |
| Enter build submenu | 19 | |
| Enter hero's abilities submenu | 5 | |
| Give item / drop item | 1 | |
| Right click | 327 | |
| Select / deselect | 357 | |
| Select group hotkey | 130 | |
| Use ability | 70 | |
1113 total
» units
| Acolyte | 8 | |
| Ghoul | 5 | |
| Crypt Fiend | 12 | |
| Obsidian Statue | 2 | |
| Frost Wyrm | 3 | |
30 total
» upgrades
| Creature Attack | 2 | |
| Web | 1 | |
| Freezing Breath | 1 | |
4 total
» buildings
| Ziggurat | 7 | |
| Crypt | 1 | |
| Altar of Darkness | 1 | |
| Graveyard | 1 | |
| Tomb of Relics | 1 | |
| Nerubian Tower | 2 | |
| Halls of the Dead | 1 | |
| Necropolis | 1 | |
| Spirit Tower | 2 | |
| Black Citadel | 1 | |
| Slaughterhouse | 1 | |
| Sacrificial Pit | 1 | |
| Boneyard | 3 | |
23 total
» build order
00:21 Ziggurat
00:23 Crypt
00:38 Altar of Darkness
00:59 Graveyard
01:28 Tomb of Relics
01:53 Ziggurat
02:04 Nerubian Tower
03:49 Ziggurat
05:38 Halls of the Dead
05:55 Necropolis
06:16 Ziggurat
06:47 Spirit Tower
08:14 Black Citadel
08:18 Slaughterhouse
08:20 Sacrificial Pit
10:58 Boneyard
10:59 Boneyard
10:59 Boneyard
11:01 Nerubian Tower
11:02 Ziggurat
11:04 Spirit Tower
11:24 Ziggurat
12:11 Ziggurat
» items
| Rod of Necromancy | 3 | |
| Sacrificial Skull | 1 | |
| Dust of Appearance | 1 | |
| Potion of Mana | 2 | |
| Orb of Corruption | 1 | |
| Scroll of Town Portal | 1 | |
| Scroll of Healing | 1 | |
10 total
OWL.BOWL. (
purple | 73 APM | 1208 actions | 16:35)
5 Blademaster
3 Critical Strike
2 Wind Walk
2 Shadow Hunter
1 Hex
1 Healing Wave
» actions
| Assign group hotkey | 21 | |
| Basic commands | 4 | |
| Build / train | 44 | |
| Enter build submenu | 16 | |
| Enter hero's abilities submenu | 8 | |
| Give item / drop item | 4 | |
| Right click | 590 | |
| Select / deselect | 143 | |
| Select group hotkey | 309 | |
| Use ability | 69 | |
1208 total
» units
» upgrades
| Ranged Weapons | 1 | |
| Reinforced Defenses | 1 | |
2 total
» buildings
| Altar of Storms | 1 | |
| Orc Burrow | 9 | |
| Barracks | 1 | |
| Voodoo Lounge | 1 | |
| Stronghold | 1 | |
| War Mill | 1 | |
| Great Hall | 1 | |
| Beastiary | 2 | |
| Fortress | 2 | |
19 total
» build order
00:09 Altar of Storms
00:14 Orc Burrow
00:36 Barracks
01:23 Orc Burrow
01:54 Voodoo Lounge
02:51 Stronghold
03:38 Orc Burrow
04:15 War Mill
04:26 Orc Burrow
05:03 Great Hall
05:22 Beastiary
06:10 Beastiary
09:26 Orc Burrow
09:29 Fortress
09:29 Fortress
09:50 Orc Burrow
11:50 Orc Burrow
11:51 Orc Burrow
12:04 Orc Burrow
» items
| Healing Salve | 3 | |
| Scroll of Town Portal | 2 | |
| Orb of Lightning | 1 | |
| Tiny Great Hall | 1 | |
7 total

»
jaegary (
yellow | 160 APM | 2655 actions | 16:35)
4 Death Knight
2 Death Coil
2 Unholy Aura
3 Lich
2 Frost Nova
1 Frost Armor
» actions
| Assign group hotkey | 15 | |
| Basic commands | 191 | |
| Build / train | 67 | |
| ESC pressed | 1 | |
| Enter build submenu | 24 | |
| Enter hero's abilities submenu | 7 | |
| Give item / drop item | 1 | |
| Right click | 405 | |
| Select / deselect | 332 | |
| Select group hotkey | 1535 | |
| Use ability | 77 | |
2655 total
» units
| Acolyte | 14 | |
| Ghoul | 6 | |
| Crypt Fiend | 4 | |
| Obsidian Statue | 2 | |
| Frost Wyrm | 4 | |
30 total
» upgrades
| Burrow | 1 | |
| Creature Attack | 3 | |
| Web | 1 | |
| Creature Carapace | 2 | |
| Freezing Breath | 1 | |
8 total
» buildings
| Graveyard | 2 | |
| Crypt | 1 | |
| Altar of Darkness | 2 | |
| Ziggurat | 9 | |
| Tomb of Relics | 2 | |
| Halls of the Dead | 1 | |
| Slaughterhouse | 1 | |
| Black Citadel | 2 | |
| Nerubian Tower | 1 | |
| Sacrificial Pit | 1 | |
| Boneyard | 2 | |
24 total
» build order
00:15 Graveyard
00:28 Crypt
00:51 Altar of Darkness
00:57 Altar of Darkness
01:10 Ziggurat
01:44 Tomb of Relics
02:15 Ziggurat
04:17 Halls of the Dead
04:41 Ziggurat
06:48 Slaughterhouse
07:49 Ziggurat
07:55 Black Citadel
07:55 Black Citadel
09:28 Nerubian Tower
09:30 Ziggurat
09:32 Ziggurat
09:34 Tomb of Relics
09:56 Sacrificial Pit
10:50 Graveyard
11:03 Boneyard
11:07 Boneyard
14:23 Ziggurat
15:10 Ziggurat
15:15 Ziggurat
» items
| Rod of Necromancy | 1 | |
| Potion of Healing | 4 | |
| Healing Salve | 1 | |
| Lesser Clarity Potion | 3 | |
| Scroll of Town Portal | 1 | |
| Scroll of Healing | 2 | |
| Orb of Corruption | 2 | |
14 total
team 2 (winner)
AAAA (
gray | 116 APM | 1918 actions | 16:35)
3 Mountain King
2 Storm Bolt
1 Bash
2 Blood Mage
1 Siphon Mana
1 Banish
2 Paladin
1 Holy Light
1 Divine Shield
» actions
| Assign group hotkey | 42 | |
| Basic commands | 145 | |
| Build / train | 79 | |
| ESC pressed | 1 | |
| Enter build submenu | 23 | |
| Enter hero's abilities submenu | 7 | |
| Right click | 809 | |
| Select / deselect | 307 | |
| Select group hotkey | 400 | |
| Use ability | 105 | |
1918 total
» units
| Peasant | 18 | |
| Footman | 14 | |
| Knight | 3 | |
| Gryphon Rider | 2 | |
37 total
» upgrades
| Defend | 1 | |
| Animal War Training | 1 | |
| Storm Hammers | 1 | |
| Armor | 1 | |
| Swords | 1 | |
| Lumber Harvesting | 1 | |
6 total
» buildings
| Altar of Kings | 1 | |
| Farm | 6 | |
| Barracks | 1 | |
| Scout Tower | 5 | |
| Arcane Tower | 3 | |
| Keep | 3 | |
| Arcane Vault | 1 | |
| Lumber Mill | 2 | |
| Castle | 3 | |
| Gryphon Aviary | 2 | |
| Blacksmith | 1 | |
| Town Hall | 1 | |
| Guard Tower | 1 | |
30 total
» build order
00:07 Altar of Kings
00:21 Farm
00:28 Barracks
01:03 Farm
01:43 Scout Tower
01:57 Farm
02:12 Arcane Tower
02:12 Arcane Tower
02:12 Arcane Tower
03:18 Keep
03:18 Keep
03:18 Keep
04:18 Arcane Vault
04:23 Lumber Mill
04:34 Farm
06:18 Castle
07:02 Castle
07:02 Castle
07:23 Gryphon Aviary
07:27 Gryphon Aviary
08:57 Blacksmith
08:59 Farm
10:18 Town Hall
10:20 Scout Tower
10:22 Scout Tower
10:23 Scout Tower
10:26 Scout Tower
14:34 Guard Tower
14:50 Farm
14:57 Lumber Mill
» items
| Boots of Speed | 1 | |
| Dust of Appearance | 1 | |
| Scroll of Regeneration | 1 | |
| Scroll of Town Portal | 2 | |
| Potion of Healing | 2 | |
| Scroll of Speed | 2 | |
9 total
DARKH0RSE (
blue | 55 APM | 906 actions | 16:35)
4 Blademaster
2 Wind Walk
2 Critical Strike
2 Shadow Hunter
1 Healing Wave
1 Hex
» actions
| Assign group hotkey | 1 | |
| Build / train | 47 | |
| Enter build submenu | 13 | |
| Enter hero's abilities submenu | 6 | |
| Give item / drop item | 2 | |
| Right click | 529 | |
| Select / deselect | 260 | |
| Select group hotkey | 2 | |
| Use ability | 46 | |
906 total
» units
| Peon | 9 | |
| Grunt | 4 | |
| Wind Rider | 8 | |
| Shaman | 4 | |
25 total
» upgrades
| Armor | 1 | |
| Ranged Weapons | 2 | |
| Envenomed Spears | 1 | |
| Shaman Training | 2 | |
| Reinforced Defenses | 1 | |
7 total
» buildings
| Altar of Storms | 1 | |
| Orc Burrow | 5 | |
| Barracks | 1 | |
| Voodoo Lounge | 1 | |
| War Mill | 1 | |
| Great Hall | 1 | |
| Stronghold | 1 | |
| Beastiary | 2 | |
| Fortress | 1 | |
| Spirit Lodge | 1 | |
15 total
» build order
00:08 Altar of Storms
00:14 Orc Burrow
00:37 Barracks
01:30 Orc Burrow
01:51 Voodoo Lounge
02:45 Orc Burrow
03:52 War Mill
04:40 Great Hall
05:00 Stronghold
08:07 Beastiary
08:10 Beastiary
08:12 Fortress
09:17 Orc Burrow
09:23 Spirit Lodge
10:49 Orc Burrow
» items
| Healing Salve | 2 | |
| Circlet of Nobility | 2 | |
| Potion of Healing | 1 | |
5 total
EarthWormJim (
pink | 163 APM | 2709 actions | 16:35)
5 Death Knight
3 Death Coil
2 Unholy Aura
2 Lich
1 Frost Nova
1 Dark Ritual
1 Crypt Lord
1 Impale
» actions
| Assign group hotkey | 48 | |
| Basic commands | 262 | |
| Build / train | 96 | |
| ESC pressed | 4 | |
| Enter build submenu | 18 | |
| Enter hero's abilities submenu | 8 | |
| Give item / drop item | 3 | |
| Remove unit from queue | 3 | |
| Right click | 1244 | |
| Select / deselect | 354 | |
| Select group hotkey | 513 | |
| Use ability | 156 | |
2709 total
» units
| Acolyte | 10 | |
| Ghoul | 2 | |
| Crypt Fiend | 12 | |
| Obsidian Statue | 4 | |
28 total
» upgrades
| Creature Attack | 2 | |
| Destroyer Form | 1 | |
| Web | 1 | |
| Creature Carapace | 1 | |
| Burrow | 1 | |
6 total
» buildings
| Crypt | 1 | |
| Graveyard | 1 | |
| Altar of Darkness | 1 | |
| Ziggurat | 7 | |
| Tomb of Relics | 1 | |
| Necropolis | 3 | |
| Halls of the Dead | 9 | |
| Slaughterhouse | 1 | |
| Black Citadel | 6 | |
| Spirit Tower | 2 | |
32 total
» build order
00:05 Crypt
00:12 Graveyard
00:36 Altar of Darkness
00:48 Ziggurat
01:23 Tomb of Relics
01:50 Ziggurat
03:18 Ziggurat
04:35 Necropolis
05:07 Halls of the Dead
05:08 Halls of the Dead
05:08 Halls of the Dead
05:08 Halls of the Dead
05:08 Halls of the Dead
05:08 Halls of the Dead
06:03 Necropolis
07:00 Ziggurat
07:29 Slaughterhouse
07:31 Black Citadel
07:31 Black Citadel
08:40 Ziggurat
08:41 Ziggurat
09:32 Black Citadel
09:32 Black Citadel
09:32 Black Citadel
09:35 Necropolis
09:37 Spirit Tower
09:37 Spirit Tower
14:39 Ziggurat
» items
| Rod of Necromancy | 5 | |
| Sacrificial Skull | 4 | |
| Orb of Corruption | 1 | |
| Potion of Healing | 1 | |
| Scroll of Town Portal | 7 | |
| Healing Salve | 1 | |
| Lesser Clarity Potion | 1 | |
20 total
5218665 (
teal | 104 APM | 1732 actions | 16:35)
4 Archmage
2 Summon Water Elemental
2 Brilliance Aura
3 Mountain King
2 Storm Bolt
1 Bash
2 Paladin
1 Holy Light
1 Devotion Aura
» actions
| Assign group hotkey | 47 | |
| Basic commands | 154 | |
| Build / train | 117 | |
| ESC pressed | 4 | |
| Enter build submenu | 18 | |
| Enter hero's abilities submenu | 9 | |
| Give item / drop item | 7 | |
| Right click | 474 | |
| Select / deselect | 274 | |
| Select group hotkey | 523 | |
| Use ability | 105 | |
1732 total
» units
» upgrades
| Gunpowder | 3 | |
| Armor | 3 | |
| Lumber Harvesting | 2 | |
| Masonry | 2 | |
| Long Rifles | 1 | |
11 total
» buildings
| Altar of Kings | 1 | |
| Lumber Mill | 1 | |
| Farm | 10 | |
| Arcane Vault | 1 | |
| Town Hall | 1 | |
| Keep | 2 | |
| Blacksmith | 1 | |
| Barracks | 2 | |
| Scout Tower | 1 | |
| Arcane Tower | 1 | |
| Castle | 2 | |
23 total
» build order
00:05 Altar of Kings
00:10 Lumber Mill
00:31 Farm
01:03 Arcane Vault
01:24 Farm
02:18 Farm
03:08 Town Hall
04:40 Keep
04:40 Keep
05:02 Blacksmith
05:12 Barracks
05:25 Barracks
05:28 Farm
05:46 Scout Tower
06:14 Farm
06:17 Farm
06:17 Farm
06:50 Arcane Tower
07:47 Castle
07:47 Castle
09:01 Farm
09:16 Farm
13:51 Farm
» items
| Lesser Clarity Potion | 11 | |
| Scroll of Regeneration | 2 | |
| Boots of Speed | 6 | |
| Staff of Teleportation | 3 | |
| Scroll of Town Portal | 3 | |
| Potion of Healing | 2 | |
| Orb of Lightning | 4 | |
| Staff of Sanctuary | 1 | |
32 total
Chat log
(00:00 / 6) AAAA: Player [AAAA] finished loading.
(00:00 / All) AAAA:
(08:55 / Allies) jaegary: ;;
(13:25 / Allies) jaegary: bb
(13:30 / Allies) OWL.BOWL.: tp my expo
(13:36 / Allies) neednewcomp: fight
(13:39 / Allies) neednewcomp: fight
(13:40 / Allies) OWL.BOWL.: i just died
(13:51 / Allies) OWL.BOWL.: wow
(13:53 / Allies) OWL.BOWL.: u guys are dumb
(13:54 / Allies) OWL.BOWL.: tp
(14:07 / Allies) OWL.BOWL.: stupid team
(14:09 / Allies) OWL.BOWL.: green
(14:27 / Allies) neednewcomp: no expo
(14:29 / Allies) neednewcomp: wtf bro
(14:31 / Allies) OWL.BOWL.: IT DIED
(14:32 / Allies) OWL.BOWL.: IDIOT
(14:34 / Allies) OWL.BOWL.: I TOLD U TO TP
(14:46 / Allies) OWL.BOWL.: ur harass at blue did nothing
(16:10 / Allies) neednewcomp: keep walking scrub
(16:24 / Allies) OWL.BOWL.: stfu nub lol
(16:32 / All) AAAA: neednewcomp has left the game voluntarily.